 Dungeon Crawl Stone Soup version 0.24-a0-160-gfa3a8d6 (webtiles) character file.

Game seed: 2582676671442856788

68 galech the Skirmisher (level 4, 17/35 HPs)
             Began as a Demonspawn Fighter on Mar 5, 2019.
             Quit the game on level 2 of the Dungeon.
             The game lasted 00:01:12 (1479 turns).

galech the Skirmisher (Demonspawn Fighter)          Turns: 1479, Time: 00:01:12

Health: 17/35      AC:  6    Str: 17    XL:     4   Next: 1%
Magic:  4/4        EV:  7    Int:  9    God:
Gold:   110        SH:  9    Dex: 15    Spells: 3/3 levels left

rFire    . . .     SeeInvis .   a - +0 war axe
rCold    . . .     Gourm    .   c - +0 shield
rNeg     . . .     Faith    .   b - +0 scale mail
rPois    .         Spirit   .   (no helmet)
rElec    .         Reflect  .   (no cloak)
rCorr    .         Harm     .   (no gloves)
MR       .....                  (no boots)
Stlth    ..........             (no amulet)
HPRegen  0.11/turn              (no ring)
MPRegen  0.09/turn              (no ring)

@: no status effects
A: hooves 1, thin skeletal structure 1
a: no special abilities


You were on level 2 of the Dungeon.
You were not hungry.

You visited 1 branch of the dungeon, and saw 2 of its levels.

You collected 110 gold pieces.

Inventory:

Hand Weapons
 a - a +0 war axe (weapon)
Armour
 b - a +0 scale mail (worn)
 c - a +0 shield (worn)
Jewellery
 l - a cursed -2 ring of protection {unknown}
Scrolls
 e - 2 scrolls of remove curse {unknown}
 h - 2 scrolls of identify {unknown}
 i - a scroll of enchant weapon {unknown}
Potions
 d - a potion of might
 j - a potion of lignification {unknown}
 k - a potion of haste {unknown}
 m - a potion of curing {unknown}
 n - 2 potions of resistance {unknown}
Comestibles
 f - 6 rations
 g - a chunk of flesh


   Skills:
 + Level 3.5 Fighting
 + Level 2.7 Axes
 + Level 3.1 Armour
 + Level 0.3 Dodging
 + Level 3.0 Shields


You had 3 spell levels left.
You didn't know any spells.
Your spell library was empty.

Dungeon Overview and Level Annotations

Branches:
Dungeon (2/15)

Altars:


Innate Abilities, Weirdness & Mutations

You have large cloven feet.
You have a somewhat thin skeletal structure. (Dex +2, Stealth)


Message History

You are too injured to fight recklessly!
You are too injured to fight recklessly!
You are too injured to fight recklessly!
You are too injured to fight recklessly!
You are too injured to fight recklessly!
You hit Crazy Yiuf.
You kill Crazy Yiuf!
Your Shields skill increases to level 3!
You have reached level 4!
You feel stronger.
Your demonic ancestry asserts itself...
Your bones become slightly less dense.
There is an open translucent door, spattered with blood here.
Things that are here:
a +3 quarterstaff of chaos; a +0 cloak; the gnoll corpse of Crazy Yiuf You butcher the gnoll corpse of Crazy Yiuf.
g - a chunk of flesh
There is an open translucent door, spattered with blood here.
Things that are here:
a +3 quarterstaff of chaos; a +0 cloak; the gnoll skeleton of Crazy Yiuf Are you sure you want to abandon this character and quit the game? (Confirm with "yes".)

...........#
#....#
#..########.
######...###
♣P...♣
#...........
...# #...#
♣♣...♣
#..########.
##.###...###
♣♣.♣♣
#...........
#....(>...#
♣♣.♣
#..#########
#####.#.###
♣.♣♣ ##.#
#.#.# ♣♣.♣
#.# #.#.#
♣.♣♣ #.#
#.#.### #@#
#.# #....>#
#...# #.#
###.###
#...# #.#
#.# #)..#
#.# #.#
##### #.#
#.# #.#
#.##### #.#
#.....# #.#
####### #.#


There were no monsters in sight!

Vanquished Creatures
  Crazy Yiuf (D:2)
  An ooze (D:1)
  A worm (D:2)
  A leopard gecko (D:1)
  4 bats
  A giant cockroach (D:2)
  3 goblins
  7 hobgoblins
  A quokka (D:2)
  2 ball pythons (D:2)
  2 frilled lizards (D:1)
  5 kobolds
  3 rats
32 creatures vanquished.

Notes
Turn   | Place    | Note
-------+----------+-------------------------------------------
     0 | D:1      | galech the Demonspawn Fighter began the quest for the Orb.
     0 | D:1      | Reached XP level 1. HP: 18/18 MP: 1/1
    65 | D:1      | Gained mutation: You have large cloven feet. [demonic
                  | ancestry]
    65 | D:1      | Reached XP level 2. HP: 22/24 MP: 2/2
   745 | D:2      | Reached XP level 3. HP: 29/29 MP: 3/3
  1063 | D:2      | Found a runed translucent door.
  1064 | D:2      | Noticed Crazy Yiuf
  1475 | D:2      | Killed Crazy Yiuf
  1475 | D:2      | Gained mutation: You have a somewhat thin skeletal
                  | structure. (Dex +2, Stealth) [demonic ancestry]
  1475 | D:2      | Reached XP level 4. HP: 17/35 MP: 4/4
  1479 | D:2      | Quit the game

Levels and vault maps discovered:
D:1:      dpeg_arrival_lava_temple_mockup, layout_loops_ring,
          kennysheep_minor_cross, chequers_serial_rivers_room_b
D:2:      layout_basic, uniq_crazy_yiuf_cottage

Skill      XL: |  1  2  3 |
---------------+----------+-----
Axes           | 2 |  2.7
Armour         | 3 |  3.1
Shields        | 3 |  3.0
Fighting       | |  3.5
Dodging        | |  0.3

Action                   |  1- 3 |  4- 6 || total
-------------------------+-------+-------++-------
Melee: War axe           |    84 |       ||    84
       Kick              |    17 |       ||    17
  Eat: Chunk             |     2 |       ||     2
Armor: Scale mail        |    41 |       ||    41
Dodge: Dodged            |    20 |       ||    20
Block: Shield            |    42 |       ||    42

Table legend:
 A = Non-vault XP
 B = Vault XP
 C = Vault XP percentage of total XP
 D = Non-vault monster count
 E = Vault monster count
 F = Vault count percentage of total count
                 A         B        C        D         E       F
            +---------+---------+-------+---------+---------+-------
      Total |      58 |      40 |  40.8 |      31 |       1 |   3.1
            +---------+---------+-------+---------+---------+-------
        D:1 |      31 |       0 |   0.0 |      16 |       0 |   0.0
        D:2 |      27 |      40 |  59.7 |      15 |       1 |   6.2
            +---------+---------+-------+---------+---------+-------
